 Dungeon Crawl Stone Soup version 0.30.1-3-gfc49f6343a (webtiles) character file.

Game seed: 9758941527636775351

1694 Destapler the Trooper (level 8, -6/63 HPs)
             Began as a Demonspawn Monk on July 30, 2023.
             Mangled by an ice beast (12 damage)
             ... on level 5 of the Dungeon.
             The game lasted 00:11:53 (4369 turns).

Destapler the Trooper (Demonspawn Monk)             Turns: 4369, Time: 00:11:53

Health: -6/63      AC:  7    Str:  8 (11) XL:     8   Next: 72%
Magic:  8/8        EV: 15    Int: 11 (12) God:
Gold:   192        SH:  0    Dex: 16 (18) Spells: 7/7 levels left

rFire   . . .        a - +1 scimitar
rCold   . . .        d - orb {light}
rNeg    . . .        b - +1 robe
rPois   .            (no helmet)
rElec   .            (no cloak)
rCorr   .            (no gloves)
SInv    .            (no boots)
Will    .....        (no amulet)
Stlth   +            f - +4 ring of protection
HPRegen 0.30/turn    (no ring)
MPRegen 0.11/turn

%: no passive effects
@: glowing
A: claws 1, repulsion field 1, powered by death 2
a: no special abilities


You were on level 5 of the Dungeon.
You visited 1 branch of the dungeon, and saw 5 of its levels.

You collected 192 gold pieces.

Inventory:

Hand Weapons
 a - a +1 scimitar (weapon)
 n - a +0 falchion
Armour
 b - a +1 robe (worn)
 d - an orb of light (worn)
Jewellery
 c - an amulet of reflection
 f - a +4 ring of protection (left claw)
Wands
 s - a wand of polymorph (3)
Scrolls
 g - 3 scrolls of identify
 j - a scroll of fear {unknown}
 l - 3 scrolls of enchant weapon
 v - a scroll of amnesia {unknown}
 w - a scroll of immolation {unknown}
 y - a scroll of noise {unknown}
Potions
 e - a potion of brilliance {unknown}
 h - a potion of invisibility {unknown}
 i - 2 potions of heal wounds
 k - a potion of flight {unknown}
 m - a potion of haste {unknown}
 o - a potion of magic {unknown}
 p - 2 potions of degeneration
 q - 2 potions of mutation {unknown}
 r - 3 potions of curing
 t - 3 potions of resistance {unknown}
 x - 2 potions of attraction {unknown}


   Skills:
 + Level 5.5 Fighting
 + Level 5.4 Long Blades
 - Level 4.0 Armour
 - Level 4.0 Dodging
 - Level 5.0 Stealth
 - Level 4.0 Evocations


You had 7 spell levels left.
You didn't know any spells.
Your spell library contained the following spells:

 Spells                   Type           Power      Damage    Failure   Level
 Magic Dart               Conj           0%         1d3       34%         1
 Lesser Beckoning         Tloc           0%         N/A       47%         2
 Searing Ray              Conj           0%         2d4       47%         2
 Gell's Gravitas          Tloc           0%         N/A       71%         3
 Teleport Other           Tloc           0%         N/A       71%         3
 Fulminant Prism          Conj/Hex       0%         3d5       98%         4


Dungeon Overview and Level Annotations

Branches:
Dungeon (5/15)
 Temple: D:4-7

Altars:
Trog


Innate Abilities, Weirdness & Mutations

You have sharp fingernails.
You are surrounded by a mild repulsion field. (EV +2)
You regenerate health from kills.


Message History

You feel very sick.
There is an open door here.
The scorpion attacks as you move away!
The scorpion stings you but does no damage.
* * * LOW HITPOINT WARNING * * *
You feel very sick. The scorpion stings you.
* * * LOW HITPOINT WARNING * * *
It was a potion of degeneration.
There was something very wrong with that liquid.
You feel weakened.
You feel dopey.
You feel clumsy.
* * * LOW HITPOINT WARNING * * *
You feel very sick.
The scorpion stings you but does no damage.
It was a potion of curing.
You feel better. The scorpion completely misses you.
You barely miss the scorpion. The scorpion closely misses you.
You barely miss the scorpion. The scorpion stings you.
* * * LOW HITPOINT WARNING * * *
The scorpion closely misses you.
You completely miss the scorpion. The scorpion stings you.
* * * LOW HITPOINT WARNING * * *
You hit the scorpion.
The scorpion is moderately wounded.
As you read the scroll labelled YDECEU BEUSMOI, it crumbles to dust.
It is a scroll of enchant armour.
Your +0 robe glows green for a moment.
The scorpion stings you.
* * * LOW HITPOINT WARNING * * *
The ice beast hits you but does no damage.
The scorpion stings you.
* * * LOW HITPOINT WARNING * * *
The scorpion closely misses you. The ice beast attacks as you move away!
The ice beast barely misses you. The ice beast attacks as you move away!
The ice beast barely misses you.
There is an open door, spattered with blood here.
Things that are here:
a +0 giant club; an ogre corpse The ice beast attacks as you move away!
The ice beast hits you.
* * * LOW HITPOINT WARNING * * *
The ice beast freezes you!
You die...

#########################
#[!#...#..Y#............#...
#$?....'s.s@....##..#...#..#
#[$#...#...#.##.....#.#....#
##+######..[..##...#..#.#
..............).....#..
#########.#########....
#.########..###
#..........##
##############.######
#..............#


You could see an ice beast and 2 scorpions.

Vanquished Creatures
  A water moccasin (D:5)
  An ice beast (D:5)
  A sky beast (D:5)
  A black bear (D:5)
  A centaur (D:5)
  2 ogres (D:5)
  A phantom (D:5)
  A bullfrog (D:5)
  6 scorpions
  5 orc priests
  2 hounds (D:5)
  3 sleepcaps
  An iguana (D:4)
  3 orc wizards
  Ijyb (D:3)
  A gnoll (D:5)
  6 adders
  A white imp (D:4)
  An ufetubus (D:5)
  7 dart slugs
  13 orcs
  2 endoplasms
  2 giant cockroaches
  12 goblins
  9 hobgoblins
  6 quokkas
  5 ball pythons
  5 bats
  A frilled lizard (D:3)
  5 kobolds
  2 rats (D:1)
108 creatures vanquished.

Notes
Turn   | Place    | Note
-------+----------+-------------------------------------------
     0 | D:1      | Destapler the Demonspawn Monk began the quest for the Orb.
     0 | D:1      | Reached XP level 1. HP: 18/18 MP: 1/1
     2 | D:1      | Noticed a meteoran
     2 | D:1      | Noticed a vampire
     4 | D:1      | Noticed a demonspawn
     4 | D:1      | Noticed a spriggan
     6 | D:1      | Noticed a merfolk
     6 | D:1      | Noticed a vine stalker
     8 | D:1      | Noticed an octopode
     8 | D:1      | Noticed a draconian
    10 | D:1      | Noticed a gargoyle
    10 | D:1      | Noticed a formicid
    12 | D:1      | Noticed a minotaur
    12 | D:1      | Noticed a naga
    14 | D:1      | Noticed an ogre
    14 | D:1      | Noticed a demigod
    16 | D:1      | Noticed an armataur
    18 | D:1      | Noticed a felid
    18 | D:1      | Noticed a troll
    22 | D:1      | Noticed a ghoul
    22 | D:1      | Noticed an elf
    24 | D:1      | Noticed a tengu
    24 | D:1      | Noticed a gargoyle
    26 | D:1      | Noticed an ogre
    62 | D:1      | Gained mutation: You are surrounded by a mild repulsion
                  | field. (EV +2) [demonic ancestry]
    62 | D:1      | Reached XP level 2. HP: 9/24 MP: 2/2
   406 | D:1      | Reached skill level 1 in Armour
   544 | D:1      | Gained mutation: You have sharp fingernails. [demonic
                  | ancestry]
   544 | D:1      | Reached XP level 3. HP: 29/29 MP: 3/3
  1437 | D:3      | Found a faded altar of an unknown god.
  1619 | D:3      | Reached XP level 4. HP: 23/37 MP: 4/4
  1671 | D:3      | Found a bloodstained altar of Trog.
  2050 | D:3      | Noticed Ijyb
  2068 | D:3      | Killed Ijyb
  2354 | D:4      | Noticed a scorpion
  2388 | D:4      | Gained mutation: You regenerate a little health from kills.
                  | [demonic ancestry]
  2388 | D:4      | Reached XP level 5. HP: 30/43 MP: 5/5
  2400 | D:4      | Reached skill level 5 in Fighting
  2400 | D:4      | Reached skill level 1 in Evocations
  2544 | D:4      | Reached XP level 6. HP: 51/51 MP: 6/6
  2815 | D:4      | Reached skill level 1 in Stealth
  3152 | D:4      | Reached XP level 7. HP: 56/56 MP: 7/7
  3440 | D:5      | Entered Level 5 of the Dungeon
  3727 | D:5      | Gained mutation: You regenerate health from kills. [demonic
                  | ancestry]
  3727 | D:5      | Reached XP level 8. HP: 46/62 MP: 8/8
  3925 | D:5      | Reached skill level 5 in Long Blades
  3987 | D:5      | Reached skill level 5 in Stealth
  4369 | D:5      | Mangled by an ice beast

Illustrated notes

Levels and vault maps discovered:
D:1:      kb_arrival_jail, layout_loops_ring
D:2:      layout_loops_cross, chequers_serial_rivers_micro_c
D:3:      layout_loops_corners, bloody_trog, basic_ecumenical_altar,
          minivault_4, uniq_ijyb
D:4:      layout_loops_ring, chequers_jeans
D:5:      minmay_thinvault, layout_gridville

Skill      XL: |  1  2  3  4  5  6  7  8 |
---------------+-------------------------+-----
Dodging        | 3 4 |  4.0
Armour         | 1 2 3 4 |  4.0
Long Blades    | 3 4 5 |  5.4
Fighting       | 4 5 |  5.5
Evocations     | 3 4 |  4.0
Stealth        | 1 3 5 |  5.0

Action                     |  1- 3 |  4- 6 |  7- 9 || total
---------------------------+-------+-------+-------++-------
  Melee: Falchion          |    75 |       |       ||    75
         Scimitar          |     4 |   133 |   116 ||   253
         Unarmed           |       |     6 |       ||     6
    Use: Potion            |       |     1 |     3 ||     4
         Scroll            |       |       |     3 ||     3
 Armour: Robe              |    23 |    28 |    51 ||   102
  Dodge: Dodged            |    69 |   120 |   126 ||   315
